 Dungeon Crawl Stone Soup version 0.14-a0-2759-g5bb4bfe (webtiles) character file.

166 Jenx the Shooter (level 3, 28/28 HPs)
             Began as a Centaur Hunter on Feb 23, 2014.
             Quit the game on Level 3 of the Dungeon.
             The game lasted 00:04:59 (1282 turns).

Jenx the Shooter (Centaur Hunter)                   Turns: 1282, Time: 00:04:59

HP  28/28        AC  5     Str 19      XL: 3   Next: 67%
MP   3/3         EV  8     Int 10      God:
Gold 111         SH  0     Dex 10      Spells:  0 memorised,  2 levels left

rFire  . . .     SeeInvis .     a - +0 short sword
rCold  . . .     Clarity  .     r - +0 ring mail
rNeg   . . .     Conserve .     (no shield)
rPois  .         rCorr    .     (no helmet)
rElec  .         rRot     .     (no cloak)
SustAb . .       Spirit   .     (no gloves)
rMut   .         Warding  .     (no barding)
Saprov . . .     Stasis   .     (no amulet)
MR     .....                    o - +5 ring of strength
                                (no ring)

@: very quick, not resistant to hostile enchantments, extremely unstealthy
A: hooves 3, deformed body, herbivore 1, speed 2, fast metabolism 1, tough skin
3
a: no special abilities


You were on level 3 of the Dungeon.
You were not hungry.

You visited 1 branch of the dungeon, and saw 3 of its levels.

You collected 111 gold pieces.

Inventory:

Hand weapons
 a - a +0,+0 short sword (weapon)
 b - a +1,+1 bow
Missiles
 c - 46 arrows
 i - 8 arrows of frost
Armour
 r - a +0 ring mail (worn)
Comestibles
 f - 3 bread rations
 u - a rotting chunk of hobgoblin flesh
 v - a rotting chunk of rat flesh
 x - a rotting chunk of rat flesh
 z - a meat ration
 A - 2 rotting chunks of hobgoblin flesh
 B - a choko
Scrolls
 e - a scroll of identify {unknown}
 k - a scroll of curse armour {unknown}
 m - a scroll of teleportation {unknown}
 n - a scroll of random uselessness {unknown}
 q - a scroll of blinking {unknown}
 s - a scroll of fear {unknown}
 y - 2 scrolls of remove curse {unknown}
Jewellery
 g - an uncursed ring of fire
 o - a +5 ring of strength (right hand)
 p - an uncursed ring of magical power
 t - an uncursed amulet of rage {unknown}
 C - an uncursed ring of teleport control
Potions
 d - 3 potions of curing
 j - a potion of invisibility {unknown}
 l - a potion of brilliance {unknown}
 w - a potion of heal wounds {unknown}


   Skills:
 - Level 1.0 Fighting
 * Level 7.2 Bows
 - Level 1.3 Dodging
 - Level 0.5 Stealth


You had 2 spell levels left.
You didn't know any spells.

Dungeon Overview and Level Annotations

Branches:
Dungeon (3/16)

Altars:


Innate Abilities, Weirdness & Mutations

You have hooves in place of feet.
Armour fits poorly on your strangely shaped body.
You digest meat inefficiently.
You cover ground very quickly.
You have a fast metabolism.
You have extremely tough skin (AC +3).


Message History

You see here a dart.
You closely miss the kobold. Your kick misses the kobold.
The kobold closely misses you.
You barely miss the kobold. You kick the kobold.
You kill the kobold!
You see here a dagger.
Done exploring.
Done exploring.
(D) Dungeon
Where to? (Enter - D:2, ? - help)
What level of the Dungeon? (default 1, ? - help)
There is a stone staircase leading down here.
You climb downwards.
Found a club.
There is a stone staircase leading up here.
Found a spear.
Save game and exit?
Welcome back, Jenx the Centaur Hunter.
Press ? for a list of commands and other information.
Are you sure you want to abandon this character and quit the game? (Confirm with "yes".)

# #..###
#.#....#
#.#.##.### ##
........
...####.##.##
#.....)......#
.####...##<.#
#......##..#
.....##@#######
#.# #........#
#.######)# #.
##


There were no monsters in sight!

Vanquished Creatures
  An adder (D:2)
  A worm (D:2)
  2 oozes (D:1)
  3 goblins
  11 hobgoblins
  4 kobolds
  5 bats
  3 giant newts
  5 rats
35 creatures vanquished.

Notes
Turn   | Place    | Note
--------------------------------------------------------------
     0 | D:1      | Jenx, the Centaur Hunter, began the quest for the Orb.
     0 | D:1      | Reached XP level 1. HP: 16/16 MP: 1/1
   206 | D:1      | Reached XP level 2. HP: 12/23 MP: 2/2
   261 | D:1      | Reached skill level 6 in Bows
   679 | D:2      | Reached XP level 3. HP: 6/28 MP: 3/3
  1029 | D:2      | Reached skill level 7 in Bows
  1282 | D:3      | Quit the game

Action                   || total
-------------------------++-------
Melee: Short sword       ||    81
 Fire: Bow               ||    19
  Use: Scroll            ||     1
       Potion            ||     1
